 Dungeon Crawl Stone Soup version 0.31-a0-479-g91c9547826 (webtiles) character file.

Game seed: 14903577377818655535

93 Bnni the Charlatan (level 4, 0/34 HPs)
             Began as a Formicid Artificer on Aug 7, 2023.
             Slain by Natasha (8 damage)
             ... on level 2 of the Dungeon.
             The game lasted 00:02:58 (976 turns).

Bnni the Charlatan (Formicid Artificer)              Turns: 976, Time: 00:02:58

Health: 0/34       AC:  3    Str: 19    XL:     4   Next: 91%
Magic:  4/4        EV: 11    Int: 10    God:
Gold:   91         SH:  0    Dex: 14    Spells: 3/3 levels left

rFire   . . .        k - +1 short sword (elec)
rCold   . . .        (no shield)
rNeg    . . .        b - +0 leather armour
rPois   .            (helmet unavailable)
rElec   .            (no cloak)
rCorr   .            (no gloves)
SInv    +            (no boots)
Will    .....        (no amulet)
Stlth   +            (no ring)
HPRegen 0.25/turn    (no ring)
MPRegen 0.09/turn

%: no passive effects
@: no status effects
A: permanent stasis, dig shafts and tunnels, antennae 3, four strong arms
a: Dig, Shaft Self


You were on level 2 of the Dungeon.
You visited 1 branch of the dungeon, and saw 2 of its levels.

You collected 91 gold pieces.

Inventory:

Hand Weapons
 k - a +1 short sword of electrocution (weapon)
Armour
 b - a +0 leather armour (worn)
Wands
 c - a wand of flame (15) (quivered)
 d - a wand of charming (15)
 e - a wand of iceblast (5)
Scrolls
 f - a scroll of torment {unknown}
 h - a scroll of enchant armour {unknown}
 i - a scroll of fear {unknown}
 j - 2 scrolls of identify {unknown}
 l - a scroll of summoning {unknown}
Potions
 a - a potion of heal wounds {unknown}
 g - a potion of mutation {unknown}


   Skills:
 + Level 2.8 Fighting
 - Level 2.1 Armour
 - Level 0.8 Dodging
 - Level 1.2 Stealth
 * Level 5.0 Evocations


You had 3 spell levels left.
You didn't know any spells.
Your spell library contained the following spells:

 Spells                   Type           Power      Damage    Failure   Level
 Magic Dart               Conj           0%         1d3       41%         1
 Call Imp                 Summ           0%         N/A       56%         2
 Mephitic Cloud           Conj/Pois/Air  0%         N/A       80%         3
 Manifold Assault         Tloc           0%         N/A       99%         4
 Blink                    Tloc           Unusable   N/A       N/A         2

Dungeon Overview and Level Annotations

Branches:
Dungeon (2/15)

Altars:

Annotations:
D:2 Natasha


Innate Abilities, Weirdness & Mutations

You cannot be hasted, slowed, berserked, paralysed or teleported.
You can dig through walls and to a lower floor.
You have a pair of large antennae on your head. (SInv)
Your four strong arms can wield two-handed weapons with a shield.


Message History

You hit the goblin. Lightning courses through the goblin!
You kill the goblin!
No target in view!
No target in view!
No target in view!
You sense a monster nearby.
No target in view!
No target in view!
A frilled lizard is nearby!
A frilled lizard is nearby!
You hit the frilled lizard.
The frilled lizard is heavily wounded.
The frilled lizard barely misses you.
You hit the frilled lizard.
You kill the frilled lizard!
Natasha, Servant of Life and Death comes into view.
She is carrying a wand of flame.
Natasha misses you.
A frilled lizard comes into view.
The frilled lizard hisses angrily.
You hit Natasha but do no damage. Natasha claws you.
You closely miss Natasha.
Natasha mumbles some strange words.
Natasha glows brightly for a moment.
Natasha claws you!
You closely miss Natasha. Natasha misses you.
You closely miss Natasha.
Natasha zaps a wand.
The puff of flame misses you.
You hit Natasha.
Natasha is moderately wounded.
Natasha barely misses you.
You miss Natasha.
Natasha is moderately wounded.
Natasha claws you.
* * * LOW HITPOINT WARNING * * *
You hit Natasha.
Natasha is heavily wounded.
Natasha closely misses you.
You barely miss Natasha.
Natasha is heavily wounded.
Natasha claws you!
You die...

. .# ##, # ,##.# #?.
,.###.. #.#,##.#l##
#..##.##..h..##.#
#....†..@....... ...
..# ##.###.#.##.###.
#.. ... #.#†# ...
... #)#.# #.# #.#
#.#.# #.# #.# #.#.#
#.# #.. #.#.# #.#
#.# ..#.#
#####.####.#
###.#####..[.<.....#


You could see Natasha and a frilled lizard.

Vanquished Creatures
  Natasha (D:2)
  An adder (D:2)
  6 dart slugs
  2 bats (D:1)
  5 endoplasms
  4 giant cockroaches
  4 goblins
  4 hobgoblins
  4 kobolds
  2 quokkas (D:1)
  3 ball pythons (D:1)
  A frilled lizard (D:2)
  7 rats
44 creatures vanquished.

Notes
Turn   | Place    | Note
-------+----------+-------------------------------------------
     0 | D:1      | Bnni the Formicid Artificer began the quest for the Orb.
     0 | D:1      | Reached XP level 1. HP: 15/15 MP: 1/1
    83 | D:1      | Reached XP level 2. HP: 11/21 MP: 2/2
   234 | D:1      | Reached skill level 4 in Evocations
   285 | D:1      | Reached XP level 3. HP: 27/27 MP: 3/3
   789 | D:2      | Found a faded altar of an unknown god.
   895 | D:2      | Reached XP level 4. HP: 34/34 MP: 4/4
   929 | D:2      | Noticed Natasha
   936 | D:2      | Killed Natasha
   940 | D:2      | Reached skill level 5 in Evocations
   966 | D:2      | Noticed Natasha
   976 | D:2      | Slain by Natasha

Illustrated notes

Levels and vault maps discovered:
D:1:      dpeg_arrival_rooms_b, layout_rooms
D:2:      layout_loops_ring, shapermc_ecumenical_altar_flowoftime,
          minmay_ruptured, uniq_natasha

Skill      XL: |  1  2  3  4 |
---------------+-------------+-----
Evocations     | 4 5 |  5.0
Fighting       | 2 |  2.8
Armour         | |  2.1
Dodging        | |  0.8
Stealth        | |  1.2

Action                     |  1- 3 |  4- 6 || total
---------------------------+-------+-------++-------
  Melee: Mace              |    89 |       ||    89
         Punch             |     2 |     1 ||     3
         Short sword       |    23 |    30 ||    53
   Stab: Sleeping          |     2 |       ||     2
 Armour: Leather armour    |    39 |     3 ||    42
  Dodge: Dodged            |    73 |    12 ||    85

Table legend: (Time is in decaauts)
 A = Elapsed time spent in this place.
 B = Non-inter-level travel time spent in this place.
 C = Inter-level travel time spent in this place.
 D = Time resting spent in this place.
 E = Time spent auto-exploring this place.
 F = Levels seen in this place.
 G = Mean time per level.
                   A        B        C        D        E       F      G
               +--------+--------+--------+--------+--------+-----+--------+
         Total |   1010 |    995 |     15 |     69 |    586 |   2 |  505.0 |
       Dungeon |   1010 |    995 |     15 |     69 |    586 |   2 |  505.0 |
               +--------+--------+--------+--------+--------+-----+--------+

Top non-repeatable levels by time:
     D:1: 667 daAuts
     D:2: 342 daAuts
